 Dungeon Crawl Stone Soup version 0.30-a0-176-gdd20fb75b6 (webtiles) character file.

Game seed: 9095253431430191732

95 Angani the Cutter (level 4, -8/1 (38) HPs)
             Began as a Draconian Reaver on Oct 2, 2022.
             Mangled by Sigmund
             ... wielding a +1 vorpal scythe
              (9 damage)
             ... on level 3 of the Dungeon.
             The game lasted 00:06:21 (2271 turns).

Angani the Cutter (Draconian Reaver)                Turns: 2271, Time: 00:06:22

HP:   -8/1 (38)     AC:  8    Str: 12 (14) XL:     4   Next: 40%
MP:   3/7           EV: 11    Int: 14 (16) God:
Gold: 93            SH:  0    Dex:  8 (9)  Spells: 5/7 levels left

rFire   . . .      SeeInvis .    a - +0 short sword
rCold   + . .      Faith    .    (no shield)
rNeg    . . .      Spirit   .    (body armour unavailable)
rPois   +          Reflect  .    (helmet restricted)
rElec   .          Harm     .    g - +2 cloak
rCorr   .          Rampage  .    (no gloves)
Will    .....      Rage     3%   (no boots)
Stlth   +.........               (no amulet)
HPRegen 0.20/turn                d - ring of protection from cold
MPRegen 0.10/turn                e - ring of wizardry

@: attractive, extremely drained
A: AC +5, unfitting armour, cold-blooded, berserk 1, poison resistance
a: no special abilities


You were on level 3 of the Dungeon.
You visited 1 branch of the dungeon, and saw 3 of its levels.

You collected 93 gold pieces.

Inventory:

Hand Weapons
 a - a +0 short sword (weapon)
Armour
 g - a +2 cloak (worn)
Magical Staves
 b - a staff of conjuration
Jewellery
 d - a ring of protection from cold (left hand)
 e - a ring of wizardry (right hand)


   Skills:
 + Level 3.5 Fighting
 + Level 3.9 Short Blades
 - Level 1.7 Dodging
 - Level 2.0 Spellcasting
 - Level 3.0 Conjurations
 + Level 1.7 Hexes


You had 5 spell levels left.
You knew the following spells:

 Your Spells              Type           Power      Damage    Failure   Level
a - Kiss of Death         Conj/Necr      20%        2d7       5%          1
b - Slow                  Hex            24%        N/A       4%          1

Your spell library contained the following spells:

 Spells                   Type           Power      Damage    Failure   Level
 Momentum Strike          Conj/Tloc      10%        3d8       8%          2
 Confusing Touch          Hex            6%         N/A       14%         3
 Hailstorm                Conj/Ice       5%         3d4       16%         3
 Vampiric Draining        Necr           1%         2d6       26%         3
 Airstrike                Air            0%         2d(1-17)  65%         4
 Summon Lightning Spire   Summ/Air       1%         N/A       65%         4
 Lightning Bolt           Conj/Air       2%         1d14      77%         5


Dungeon Overview and Level Annotations

Branches:
Dungeon (3/15)

Altars:

Shops:
D:2 *

Annotations:
D:3 Sigmund


Innate Abilities, Weirdness & Mutations

Your plain brown scales are hard. (AC +5)
You cannot fit into any form of body armour.
You are cold-blooded and may be slowed by cold attacks.
You sometimes lose your temper in combat.
Your system is resistant to poisons. (rPois)


Message History

It was a potion of attraction.
You feel attractive to monsters. Something hits you.
* * * LOW HITPOINT WARNING * * *
It was a potion of degeneration.
There was something very wrong with that liquid.
You feel weakened.
You feel dopey.
You feel clumsy. Something hits you but does no damage.
Casting: Kiss of Death (safe; 5% risk of failure)
Confirm with . or Enter, or press ? or * to list all spells.
Aiming: Kiss of Death (safe; 5% risk of failure)
Press: ? - help, Shift-Dir - straight line
Aim: Disturbance (purple smoke)
The negative energy hits something.
You feel drained.
Unknown command.
Casting: Kiss of Death (safe; 5% risk of failure)
Confirm with . or Enter, or press ? or * to list all spells.
Aiming: Kiss of Death (safe; 5% risk of failure)
Press: ? - help, Shift-Dir - straight line
Aim: Disturbance (purple smoke)
The negative energy hits something.
You feel drained.
Casting: Kiss of Death (safe; 5% risk of failure)
Confirm with . or Enter, or press ? or * to list all spells.
Aiming: Kiss of Death (safe; 5% risk of failure)
Press: ? - help, Shift-Dir - straight line
Aim: Disturbance (purple smoke)
The negative energy hits something!
You feel drained. Something hits you.
Unknown command.
Casting: Kiss of Death (safe; 5% risk of failure)
Confirm with . or Enter, or press ? or * to list all spells.
Aiming: Kiss of Death (safe; 5% risk of failure)
Press: ? - help, Shift-Dir - straight line
Aim: Disturbance (purple smoke)
The negative energy hits something.
You feel drained. Something hits you but does no damage.
Unknown command.
You miss something. You miss something. Something hits you!
Ouch! That really hurt!
You die...

... .. ..# ... ....##### #.#
... ........# #.# #.# . ##.#
#.# #.# ...
##<.###.##########.##.....
#...........gg[gg.<.......
#.###.###.##################
#...........#.@§§§.....
#..##.###.#.#{######### #.
...# #.#.#.# ...#####
#.#.#.# .. ....####†#.#.# #
............(###########
.........#..............
#.#.#...................
#...............####


There were no monsters in sight!

Vanquished Creatures
  An iguana (D:3)
  Robin (D:2)
  2 adders (D:2)
  A worm (D:2)
  A dart slug (D:2)
  A ball python (D:2)
  3 endoplasms
  A giant cockroach (D:2)
  7 goblins
  5 hobgoblins
  4 quokkas
  4 bats
  A frilled lizard (D:1)
  5 kobolds
  A rat (D:1)
38 creatures vanquished.

Notes
Turn   | Place    | Note
-------+----------+-------------------------------------------
     0 | D:1      | Angani the Draconian Reaver began the quest for the Orb.
     0 | D:1      | Reached XP level 1. HP: 17/17 MP: 3/3
   375 | D:1      | Learned a level 1 spell: Slow
   439 | D:1      | Reached XP level 2. HP: 24/25 MP: 5/5
  1298 | D:2      | Found Surphoun's General Store.
  1406 | D:2      | Reached skill level 1 in Hexes
  1406 | D:2      | Reached XP level 3. HP: 6/31 MP: 6/6
  1937 | D:3      | Noticed Robin
  2096 | D:2      | Killed Robin
  2097 | D:2      | Reached XP level 4. HP: 35/38 MP: 5/7
  2238 | D:3      | Noticed Sigmund
  2253 | D:3      | Gained mutation: You sometimes lose your temper in combat.
                  | [potion of mutation]
  2253 | D:3      | Gained mutation: Your mind is acute. (Int +4, Str/Dex -1)
                  | [potion of mutation]
  2253 | D:3      | Lost mutation: Your mind is acute. (Int +4, Str/Dex -1)
                  | [potion of mutation]
  2253 | D:3      | Gained mutation: Your system is resistant to poisons.
                  | (rPois) [potion of mutation]
  2271 | D:3      | Mangled by Sigmund

Illustrated notes

Levels and vault maps discovered:
D:1:      lemuel_arrival_funnel, layout_loops_ring, chequers_decorated_corner
D:2:      layout_loops_cross, serial_shops, shop, kennysheep_generic_room_4
D:3:      cheibrodos_thug_alley, layout_basic,
          mainiacjoe_overflow_cross_hatched, nicolae_qazlal_general_emergency,
          dk_yredelemnul_ordeal, shapermc_ecumenical_altar_acropolis,
          kennysheep_generic_room_11, uniq_natasha, uniq_robin, uniq_sigmund

Skill      XL: |  1  2 |
---------------+-------+-----
Fighting       | 3 |  3.5
Hexes          | 1 |  1.7
Short Blades   | |  3.9
Dodging        | |  1.7
Spellcasting   | |  2.0
Conjurations   | |  3.0

Action                   |  1- 3 |  4- 6 || total
-------------------------+-------+-------++-------
Melee: Short sword       |   221 |    28 ||   249
       Tailslap          |    19 |     3 ||    22
       Punch             |     1 |       ||     1
 Cast: Slow              |    11 |     2 ||    13
       Kiss of Death     |       |     7 ||     7
  Use: Scroll            |     5 |     2 ||     7
       Potion            |     1 |     4 ||     5
 Stab: Sleeping          |     1 |       ||     1
Armor: Skin              |    70 |     5 ||    75
Dodge: Dodged            |   117 |     7 ||   124

Table legend: (Time is in decaauts)
 A = Elapsed time spent in this place.
 B = Non-inter-level travel time spent in this place.
 C = Inter-level travel time spent in this place.
 D = Time resting spent in this place.
 E = Time spent auto-exploring this place.
 F = Levels seen in this place.
 G = Mean time per level.
                   A        B        C        D        E       F      G
               +--------+--------+--------+--------+--------+-----+--------+
         Total |   2237 |   2066 |    171 |    147 |   1452 |   3 |  745.7 |
       Dungeon |   2237 |   2066 |    171 |    147 |   1452 |   3 |  745.7 |
               +--------+--------+--------+--------+--------+-----+--------+

Top non-repeatable levels by time:
     D:1: 1095 daAuts
     D:2: 951 daAuts
     D:3: 189 daAuts
